Cogmind - Beta 13 @@@ ROGUE MODE // 2024.04.21 @ 20:10:50 Player: Cwaftwer Result: Destroyed by 5V-PGM(z) with Makeshift Axe Performance ------------- Evolutions (1) 500 Regions Visited (4) 800 Robots Destroyed (8) 40 Value Destroyed (181) 181 Prototype IDs (5) 100 Alien Tech Used (0) 0 Bonus (-18) -18 TOTAL SCORE: 1603 Bonus ------- Friendly Fire -18 Cogmind --------- Core Integrity 0/400 Matter 8/300 Energy 170/170 System Corruption 0% Temperature Cool (50) Movement Core (250) Ox4 Location -7/Zion Parts ------- > --- POWER (2) -------- Makeshift Power Source > --- PROPULSION (2) --- (None) > --- UTILITY (3) ------ Experimental Sensor Array Signal Interpreter Targeting Computer > --- WEAPON (2) ------- Slug Cannon Spear > --- INVENTORY (5) ---- Light Cannon Light Cannon Peak State ------------ > --- POWER ------------ Makeshift Power Source > --- PROPULSION ------- Flight Unit > --- UTILITY ---------- Experimental Sensor Array Signal Interpreter Targeting Computer > --- WEAPON ----------- Slug Cannon Spear > --- INVENTORY -------- Light Cannon Light Cannon [Rating: 24] Favorites ----------- Power Light Ion Engine Engine Light Ion Engine Propulsion Flight Unit Hover Unit Hover Unit Flight Unit Flight Unit Utility Targeting Computer Device Experimental Sensor Array Processor Targeting Computer Weapon Spear Ballistic Gun Light Assault Rifle Ballistic Cannon Light Cannon Launcher Heavy Rocket Launcher Special Weapon Mining Laser Piercing Weapon Spear Build | -11 -10 -9 -9 -7 ------- Run | Yrd Mat Mat Min Zio Slots Evolved 2 | . . 2 . . Power 1 | . . 1 . . Propulsion . | . . . . . Utility 1 | . . 1 . . Weapon . | . . . . . Parts Attached 27 | 2 7 1 8 9 Power 3 | . 1 . 1 1 Engine 3 | . 1 . 1 1 Core . | . . . . . Reactor . | . . . . . Propulsion 7 | . 1 1 2 3 Treads . | . . . . . Leg . | . . . . . Wheel . | . . . . . Hover 1 | . 1 . . . Flight 6 | . . 1 2 3 Utility 5 | . 2 . 3 . Device 3 | . 1 . 2 . Storage . | . . . . . Processor 2 | . 1 . 1 . Hackware . | . . . . . Protection . | . . . . . Artifact . | . . . . . Weapon 12 | 2 3 . 2 5 Energy Gun . | . . . . . Energy Cannon . | . . . . . Ballistic Gun 5 | 2 3 . . . Ballistic Cannon 4 | . . . 2 2 Launcher 1 | . . . . 1 Special Weapon 1 | . . . . 1 Impact Weapon . | . . . . . Slashing Weapon . | . . . . . Piercing Weapon 1 | . . . . 1 Special Melee Weapon . | . . . . . Unidentified Prototypes 1 | . . . 1 . Parts Lost 8 | . . . 2 6 Power 2 | . . . 1 1 Propulsion 5 | . . . 1 4 Utility . | . . . . . Weapon 1 | . . . . 1 Highest Loss Streak 5 | . . . 2 5 To Critical Strikes . | . . . . . Average Slot Usage (%) 73 | . 79 56 73 73 Engine 9 | . 11 11 9 8 Hover 2 | . 11 11 1 . Flight 14 | . . 9 19 17 Device 12 | . 14 11 16 11 Processor 18 | . 14 11 13 22 Ballistic Gun 4 | . 28 3 . . Ballistic Cannon 3 | . . . 12 2 Special Weapon 1 | . . . . 2 Piercing Weapon 5 | . . . . 8 Naked Turns . | . . . . . Heaviest Build 13 | 3 6 6 8 13 Greatest Support 8 | 3 6 6 8 8 Greatest Overweight (x) 3 | . . . 1 3 Average Overweight (x) . | . . . . . Largest Inventory Capacity 5 | 5 5 5 5 5 Average Capacity 5 | 5 5 5 5 5 Most Carried 5 | 2 5 5 5 5 Average Carried 4 | 1 2 4 4 4 Final Capacity 5 | 5 5 5 5 5 Final Carried 5 | 2 5 5 5 2 Class Distribution -------------------- 89% | Mutant 8% | Scavenger-Mutant Dominant Class ---------------- Mutant | -10/Materials Mutant | -9/Materials Scavenger-Mutant | -9/Mines Mutant | -7/Zion Resources | -11 -10 -9 -9 -7 ----------- Run | Yrd Mat Mat Min Zio Matter Collected 490 | 179 96 . 124 91 Remotely . | . . . . . Salvage Created 209 | . 96 . 51 62 Parts 17 | . 5 . 8 4 Haulers Intercepted . | . . . . . Recyclers Shooed . | . . . . . Parts Field Recycled . | . . . . . Retrieved Matter . | . . . . . Parts Self-Destructed . | . . . . . Prevented . | . . . . . Kills | -11 -10 -9 -9 -7 ------- Run | Yrd Mat Mat Min Zio Combat Hostiles Destroyed 7 | . 2 . 4 1 Melee 1 | . . . . 1 Guns 2 | . 2 . . . Cannons 4 | . . . 4 . Classes Destroyed 4 | . 1 . 1 2 Swarmer 4 | . . . 4 . Grunt 2 | . 2 . . . Zionite 1 | . . . . 1 Mutant 1 | . . . . 1 Best Kill Streak 4 | . 2 . 4 1 Combat Bots Only 4 | . 2 . 4 1 Max Kills in Single Turn 1 | . 1 . 1 1 Gunslinging . | . . . . . Exploded . | . . . . . Melee 1 | . . . . 1 Uniques/NPCs Destroyed . | . . . . . Combat | -11 -10 -9 -9 -7 -------- Run | Yrd Mat Mat Min Zio Hostile Shots Fired 53 | . 7 3 15 28 Missed 10 | . 2 1 4 3 Damage Taken 808 | . 64 30 94 620 Core 443 | . 38 . 24 381 Absorbed by Shields . | . . . . . Core Remaining (%) 92 | 100 84 . . . Volleys Fired 56 | . 5 . 5 46 Largest 2 | . 2 . 2 1 Hottest 100 | . 40 . 70 100 Shots Fired 66 | . 10 . 10 46 Gun 10 | . 10 . . . Cannon 51 | . . . 10 41 Launcher 4 | . . . . 4 Special 1 | . . . . 1 Kinetic 61 | . 10 . 10 41 Thermal 1 | . . . . 1 Explosive 4 | . . . . 4 Electromagnetic . | . . . . . Robot Hit Streak 10 | . 8 . 10 5 Robot Miss Streak 2 | . 2 . 2 1 Penetration Max . | . . . . . Secondary Targets . | . . . . . Shots Hit Robots 29 | . 8 . 4 17 Core Hits 14 | . 6 . 4 4 Critical Kills . | . . . . . Critical Parts Destroyed . | . . . . . Critical Strikes . | . . . . . Melee Attacks 110 | . . . . 110 Impact . | . . . . . Slashing . | . . . . . Piercing 110 | . . . . 110 Sneak Attacks . | . . . . . Combat Hostiles . | . . . . . Follow-up Attacks . | . . . . . Damage Inflicted 490 | . 70 . 72 348 Guns 70 | . 70 . . . Cannons 92 | . . . 72 20 Explosions 18 | . . . . 18 Melee 310 | . . . . 310 Ramming . | . . . . . Kinetic 162 | . 70 . 72 20 Thermal . | . . . . . Explosive 18 | . . . . 18 Electromagnetic . | . . . . . Impact . | . . . . . Slashing . | . . . . . Piercing 310 | . . . . 310 Highest Corruption . | . . . . . Average Corruption . | . . . . . Corruption Purged . | . . . . . Corruption Blocked . | . . . . . Overload Shots . | . . . . . Overflow Damage 7 | . . . . 7 Projectiles . | . . . . . Explosions 5 | . . . . 5 Melee 2 | . . . . 2 Knockbacks . | . . . . . Impact . | . . . . . Kinetic . | . . . . . Secondary . | . . . . . Self-Inflicted Damage 134 | . . . . 134 Shots 4 | . . . . 4 Rammed . | . . . . . Targets Rammed . | . . . . . Kicked . | . . . . . Crushed . | . . . . . Highest Temperature 150 | . 13 . 4 150 Average Temperature 53 | . 9 . 2 59 Received Heat Transfer 48 | . 39 9 . . Siege Activations . | . . . . . Robots Corrupted . | . . . . . Combat Hostiles . | . . . . . Parts Fried . | . . . . . Impact Corruptions . | . . . . . Robots Melted . | . . . . . Combat Hostiles . | . . . . . Parts Melted . | . . . . . Heat Transferred . | . . . . . Parts Sabotaged . | . . . . . Parts Stolen . | . . . . . Parts Stripped . | . . . . . Power Chain Reactions . | . . . . . Alert | -11 -10 -9 -9 -7 ------- Run | Yrd Mat Mat Min Zio Peak Influence 120 | . 65 82 120 . Initial 31 | . . 7 31 . Average 56 | . 23 18 110 . Maximum Alert Level . | . . . . . Low Security (%) 100 | 100 100 100 100 . Level 1 . | . . . . . Level 2 . | . . . . . Level 3 . | . . . . . Level 4 . | . . . . . Level 5 . | . . . . . High Security . | . . . . . Max Security . | . . . . . Squads Dispatched 1 | . . . 1 . Investigation 1 | . . . 1 . Extermination . | . . . . . Reinforcement . | . . . . . Assault . | . . . . . Garrison . | . . . . . Intercept . | . . . . . Searches Triggered . | . . . . . Construction Impeded . | . . . . . Haulers Reinforced . | . . . . . Active Scanning Responses . | . . . . . Cargo Convoy Interrupts . | . . . . . Stealth | -11 -10 -9 -9 -7 --------- Run | Yrd Mat Mat Min Zio Distress Signals . | . . . . . Communications Jammed . | . . . . . Distress Signals . | . . . . . Times Spotted 18 | . 4 6 4 4 Peak Tracking Total 6 | . 2 6 4 2 Tactical Retreats 3 | . 1 1 . 1 Traps | -11 -10 -9 -9 -7 ------- Run | Yrd Mat Mat Min Zio Traps Triggered . | . . . . . Indirectly . | . . . . . Trap Hack Attempts . | . . . . . Triggered . | . . . . . Disarmed . | . . . . . Reprogrammed . | . . . . . Reused . | . . . . . Traps Extracted . | . . . . . Installed . | . . . . . Triggered . | . . . . . Machines | -11 -10 -9 -9 -7 ---------- Run | Yrd Mat Mat Min Zio Machines Disabled 1 | . . . . 1 Max in Single Turn 1 | . . . . 1 Machines Repaired . | . . . . . Machines Dismantled . | . . . . . Machines Sabotaged . | . . . . . Overloaded Fab Kills . | . . . . . Hacking | -11 -10 -9 -9 -7 --------- Run | Yrd Mat Mat Min Zio Machines Accessed 5 | . 2 1 2 . Terminals 5 | . 2 1 2 . Fabricators . | . . . . . Repair Stations . | . . . . . Recycling Units . | . . . . . Scanalyzers . | . . . . . Garrison Access . | . . . . . Total Hacks 15 | . 9 3 3 . Successful 8 | . 5 2 1 . Failed 7 | . 4 1 2 . Catastrophic 1 | . . . 1 . Database Lockouts . | . . . . . Manual . | . . . . . Terminals 15 | . 9 3 3 . Fabricators . | . . . . . Repair Stations . | . . . . . Recycling Units . | . . . . . Scanalyzers . | . . . . . Garrison Access . | . . . . . Terminal Hacks 8 | . 5 2 1 . Prototype ID Bank 2 | . 1 1 . . Emergency Access Points 1 | . 1 . . . Alert Level 1 | . 1 . . . Unreport Threat 1 | . 1 . . . Locate Traps 1 | . . 1 . . Dispatch Records 1 | . . . 1 . Investigation Status 1 | . 1 . . . Fabricator Hacks . | . . . . . Repair Station Hacks . | . . . . . Recycling Unit Hacks . | . . . . . Scanalyzer . | . . . . . Garrison Access Hacks . | . . . . . Unauthorized Hacks . | . . . . . Terminals . | . . . . . Fabricators . | . . . . . Repair Stations . | . . . . . Recycling Units . | . . . . . Scanalyzers . | . . . . . Garrison Access . | . . . . . Data Cores Recovered . | . . . . . Used . | . . . . . Hacking Detections 4 | . 2 1 1 . Full Trace Events 1 | . . . 1 . Feedback Events . | . . . . . Feedback Blocked . | . . . . . Robot Schematics Acquired 3 | . . . . 3 Robots Built . | . . . . . Authchips . | . . . . . Time . | . . . . . Total Robot Build Rating . | . . . . . Part Schematics Acquired 16 | . . . . 16 Parts Built . | . . . . . Authchips . | . . . . . Time . | . . . . . Total Part Build Rating . | . . . . . Parts Repaired . | . . . . . Time . | . . . . . Parts Recycled . | . . . . . Recycled Matter . | . . . . . Retrieved Matter . | . . . . . Retrieved Components . | . . . . . Parts Scanalyzed . | . . . . . Part Schematics Acquired . | . . . . . Parts Damaged . | . . . . . Bothacking | -11 -10 -9 -9 -7 ------------ Run | Yrd Mat Mat Min Zio Used RIF Installer . | . . . . . Robots Hacked . | . . . . . Non-combat . | . . . . . Combat . | . . . . . Robot Hacks Applied . | . . . . . Relay Couplers Released . | . . . . . Fabnet Peak Effective % . | . . . . . Robots Rewired . | . . . . . Allies Hacked . | . . . . . Hacks Repelled . | . . . . . Allies | -11 -10 -9 -9 -7 -------- Run | Yrd Mat Mat Min Zio Total Allies 2 | . . . 2 . Largest Group 2 | . . . 2 . Highest-Rated Group 47 | . . . 47 . Highest-Rated Ally 31 | . . . 31 . Total Orders . | . . . . . Ally Attacks . | . . . . . Total Damage . | . . . . . Kills . | . . . . . Allies Corrupted . | . . . . . Allies Melted . | . . . . . Intel | -11 -10 -9 -9 -7 ------- Run | Yrd Mat Mat Min Zio Robot Analysis Total . | . . . . . Derelict Logs Recovered 1 | . . . 1 . Drone Launches . | . . . . . Drone Recoveries . | . . . . . Exploration | -11 -10 -9 -9 -7 ------------- Run | Yrd Mat Mat Min Zio Turns Passed 1112 | 29 167 55 172 689 Spaces Moved 1304 | 47 214 116 354 573 Core 138 | 47 50 . . 41 Treads . | . . . . . Legs . | . . . . . Wheels . | . . . . . Hover 180 | . 164 11 5 . Flight 986 | . . 105 349 532 Fastest Speed 37 | 50 50 40 37 37 Average Speed 48 | 50 57 41 37 52 Slowest Speed 280 | 50 60 60 120 280 Overloaded Moves . | . . . . . Propulsion Burnouts . | . . . . . Robots Hopped . | . . . . . Cave-ins Triggered . | . . . . . Exploration Rate (%) 37 | 3 32 22 79 49 Regions Visited 4 Branch Regions 2 Pre-discovered Areas 1 | . . . . 1 Known Exits Taken 1 | . . . 1 . Unknown Exits Taken 3 | 1 1 1 . . Scrap Searched 5 | . . . 3 2 Spaces Dug 33 | . . . . 33 Terrain Destroyed 46 | . . . . 46 Melee 5 | . . . . 5 Projectile . | . . . . . AOE 41 | . . . . 41 Terrain Rammed . | . . . . . Walls Destroyed . | . . . . . Machines Disabled . | . . . . . Actions | -11 -10 -9 -9 -7 --------- Run | Yrd Mat Mat Min Zio Total 1561 | 52 249 124 384 752 Wait 19 | . 15 . . 4 Move 1300 | 46 213 115 353 573 Hop . | . . . . . Pick Up 31 | 4 7 3 11 6 Fast Attach . | . . . . . Attach 22 | 2 6 1 7 6 Detach 3 | . 2 1 . . Swap 5 | . 1 . 1 3 Drop 15 | . . 4 7 4 Fire 56 | . 5 . 5 46 Melee 110 | . . . . 110 Ram . | . . . . . Kick . | . . . . . Crush . | . . . . . Escape Stasis . | . . . . . Rewire . | . . . . . Trap . | . . . . . Miscellaneous . | . . . . . Route ------- -11/Scrapyard -10/Materials -9/Materials -9/Mines (discovered 2 exits: *Mat / *Zio) -7/Zion (discovered 1 exit: *Pro) History --------- Turn | Location | Event 19 | -11/Scrapyard | Discovered new exit (range 15) 30 | -11/Scrapyard | Entered Materials 193 | -10/Materials | Discovered new exit (range 5) 197 | -10/Materials | Entered another Materials area 197 | -9/Materials | Evolved 2 slots: Power x1, Utility x1 250 | -9/Materials | Discovered new exit (range 6) 252 | -9/Materials | Entered Mines 307 | -9/Mines | Found a damaged Exp. Sensor Array with a note attached 309 | -9/Mines | Found Prototype Device 310 | -9/Mines | Identified Exp. Sensor Array 369 | -9/Mines | Found a hidden stash of uninstalled traps 384 | -9/Mines | A Derelict revealed a hidden shortcut to a safe place 391 | -9/Mines | Identified exit to Zion 410 | -9/Mines | Discovered new exit (range 10) 410 | -9/Mines | Learned location of 1 exit from Proximity Caves 415 | -9/Mines | Identified exit to Materials 424 | -9/Mines | Entered Zion 457 | -7/Zion | Discovered new exit (range 13) 468 | -7/Zion | Identified exit to Proximity Caves 672 | -7/Zion | Build established: Mutant 896 | -7/Zion | Attacked by Zionites 934 | -7/Zion | Core integrity fell below 50% 967 | -7/Zion | Lost 5 parts (1p3n1w) 1037 | -7/Zion | Core integrity fell below 20% 1113 | -7/Zion | Destroyed by 5V-PGM(z) with Makeshift Axe Last Messages --------------- The unstable cave ceiling collapses. Hvy. Rocket Launcher destroyed. Flight Unit destroyed. Destroyed Heat Sink. The unstable cave ceiling collapses. C8-P4D(M) destroyed. Acquired 41 matter. EQ-PLD(z) bursts out of the Twisted Machinery. EQ-PLD(z) pulls a Mak. Axe out of the Twisted Machinery. EQ-PLD(z) destroyed. Acquired 21 matter. Acquired Mak. Power Source. Deep Containment System disabled. YJ-54A(z) bursts out of the Twisted Machinery. Slug penetrates Reinforced Barrier. 5V-PGM(z) bursts out of the Twisted Machinery. 5V-PGM(z) pulls a Mak. Axe out of the Twisted Machinery. Flight Unit destroyed. Map ----- +----------------------------------------------------+ | ?????????????????????????????????????? | | ?????????????????????????????????????? | | ?????????????????????????????????????? | | ?????????????????????????????????????? | | ?????????????????????????????????????? | | ?????????????????????????????????????? | | ?????????????????????????????????????? | | ?????????????????????????????????????? | | ?????????????????????????????????????? | | ?????????????????????????????????????? | | ?????????????????????????????????????? | | ?????????????????????????????????????? | | ?????????????????????????????????????? | | ?????????????????????????????????????? | | ?????????????????????????????????????? | | ?????????????????????????????????????? | | ?????????????????????????????????????? | | ?????????????????????????????????????? | | ?????????????????????????????????????? | | ?????????????????????????????????????? | | ?????????????????????????????????????? | | ????????????####???###???????????????? | | ????????????#""##### #####???????????# | | ???????????##" " !="#"###?????????# | | ???????????#z ######### ""####?####?? | | ?????????####@#?x?????" ""##"###""### | | ????????## ; #???????# """""#""""#"# | | ????????#" ####??????## """"""""""""" | | ????????## #?????????" " | | ????????#""#?????????" " | | ????????#" #???####### """"""""" | | ????????## #???# ! """#####" | | ?????????# #???# # # "###???#"" | | ?????????# ####### ####???"""#""" | | ?????????#" " ## ##?????"""""""" | | ?????????#### # ##??????"" ""#"" | | ????????????## ##?????""" """" | | ?????????????##### ##??????"" "" | | ?????????????????####??????#" | | ???????????????????????????#"" | | ????????????????????????????""" """"" | | ?????????????????????????????#" """#"" | | ?????????????????????????????#"""""#"" | | ????????????????????????????????#??#"" | | ???????????????????????????????????""" | | ?????????????????????????????????" | | ????????????????????????????????""" | | ?????????????????????????????????""""" | | ?????????????????????????????????""""" | | ????????????????????????????????????"" | +----------------------------------------------------+ Best States ------------- Heat Dissipation 28 Energy Generation 15 Energy Capacity 170 Matter Stores 279 Matter Capacity 300 Sight Range 16 Robot Scan Range 20 Terrain Scan Density 10 Evasion (%) 62 Targeting Accuracy 5 Item Schematics ----------------- Hvy. Mass Driver | -7/Zion | Archive Imp. Trap Scanner | -7/Zion | Archive Lyr. Light Armor Plating | -7/Zion | Archive Hvy. Shock Bomb Launcher | -7/Zion | Archive Mak. Hammer | -7/Zion | Archive Imp. Medium Treads | -7/Zion | Archive Imp. Deuterium Engine | -7/Zion | Archive Adv. Heat Sink | -7/Zion | Archive Mak. Flight Unit | -7/Zion | Archive Hvy. Battle Rifle | -7/Zion | Archive Adv. Shield Generator | -7/Zion | Archive Lgt. Angular Momentum Engine | -7/Zion | Archive Gravmag System | -7/Zion | Archive Phase Shifter | -7/Zion | Archive Adv. Sensor Array | -7/Zion | Archive Mak. Power Source | -7/Zion | Archive Robot Schematics ------------------ A-02 Transporter | -7/Zion | Archive T-07 Excavator | -7/Zion | Archive B-48 Gladiator | -7/Zion | Archive Fabricated ------------ Nothing Alien Tech Used ----------------- None Achievements -------------- None Challenges ------------ None Game ------ Seed BurstTransportLauncher Manual? 0 Play Time 00:21:16 Cumulative 26.2 hours Start 2024.04.21 @ 19:52:22 End 2024.04.21 @ 20:10:50 Sessions 1 Manual Loads 0 Difficulty Rogue Special Mode None Game No. 39 Rogue 38 Adventurer 1 Explorer 0 Win Type - Total 0 Types 0/0/0/0/0/0/0/0/0 Lore% 24 Gallery% 31 Achievement% 25 Wizard Run 0 Options --------- Layout 1 ASCII 0 Keyboard 0 Movement Mouse Keybinds 0 Fullscreen 1 Font 24/Smallcaps Map View 50x40 Zoom Use 0% Tactical HUD 0 Map Filters NONE Filters NONE Steam 1 RUN: a172a88a-20da-4ee7-a2ec-4185950bbeeb